 Dungeon Crawl Stone Soup version 0.18-a0-1120-g03bd624 (webtiles) character file.

23 Chiseanne the Gusty (level 2, -1/24 HPs)
             Began as a Centaur Air Elementalist on Jan 17, 2016.
             Slain by a hound (6 damage)
             ... on level 1 of the Dungeon.
             The game lasted 00:01:30 (1015 turns).

Chiseanne the Gusty (Centaur Air Elementalist)      Turns: 1015, Time: 00:01:31

Health: -1/24      AC:  4    Str: 10    XL:     2   Next: 72%
Magic:  4/4        EV:  9    Int: 14    God:
Gold:   38         SH:  0    Dex:  9    Spells: 1 memorised, 3 levels left

rFire  . . .     SeeInvis .     l - +0 short sword
rCold  . . .     Gourm    .     a - +0 robe
rNeg   . . .     Faith    .     (no shield)
rPois  .         Spirit   .     (no helmet)
rElec  .         Dismiss  .     (no cloak)
rCorr  .         Reflect  .     (no gloves)
SustAt .         Harm     .     (no barding)
MR     .....                    f - amulet of rage
Stlth  +.........               (no ring)
                                (no ring)

@: very quick, not resistant to hostile enchantments, very unstealthy
A: hooves 3, deformed body, speed 2, tough skin 3
a: Evoke Berserk Rage


You were on level 1 of the Dungeon.
You were not hungry.

You visited 1 branch of the dungeon, and saw 1 of its levels.

You collected 38 gold pieces.

Inventory:

Hand Weapons
 k - a cursed +0 dagger
 l - a +0 short sword (weapon)
Missiles
 e - 23 bolts
 j - 17 arrows
Armour
 a - a +0 robe (worn)
Jewellery
 f - an amulet of rage (around neck)
Potions
 i - a potion of agility
Books
 b - a book of Air

   Spells                             Type                      Level
   a - Shock                          Conjuration/Air              1
   b - Swiftness                      Charms/Air                   2
   c - Repel Missiles                 Charms/Air                   2
   d - Static Discharge               Conjuration/Air              3
   e - Lightning Bolt                 Conjuration/Air              5
Comestibles
 c - a bread ration
 g - a slice of pizza


   Skills:
 * Level 2.2 Fighting
 + Level 1.3 Dodging
 - Level 1.2 Stealth
 * Level 1.7 Spellcasting
 - Level 0.8 Conjurations
 - Level 2.6 Air Magic
 + Level 0.0 Evocations


You had 3 spell levels left.
You knew the following spells:

 Your Spells              Type           Power        Failure   Level  Hunger
a - Shock                 Conj/Air       #...         14%         1    ##.....


Dungeon Overview and Level Annotations

Branches:
Dungeon (1/15)

Altars:


Innate Abilities, Weirdness & Mutations

You have hooves in place of feet.
Armour fits poorly on your strangely shaped body.
You cover ground very quickly.
You have extremely tough skin (AC +3).


Message History

Found 11 gold pieces.
You closely miss the hound. The hound barely misses you. x2
You hit the hound. Your kick misses the hound.
The hound is lightly wounded.
The hound bites you.
You hit the hound.
The hound is heavily wounded.
The hound bites you. x2
You hit the hound. You kick the hound, but do no damage.
The hound is severely wounded.
The hound bites you but does no damage. The hound bites you.
You hit the hound.
The hound is almost dead.
The hound closely misses you.
You barely miss the hound. You kick the hound.
The hound is almost dead.
The hound bites you.
* * * LOW HITPOINT WARNING * * *
The hound bites you.
You die...

####### #...##.#.##..
###(....# #.####...####
.#.#.#.#.# ####........)...
.........###....####...####
.......#...#......##.#.####
......†....'......#.###.#.>
..>...)#...#.......#####.##
........####.............#
.......#..@h....#######.##
.......$.######..# #.#
.#.#.#.#.# ##.# #.###
#####...# #.######.##.
##### #.#....#.##.
#......#.#.# ##.....#.##.
#######.....#.#.#
#..........##.##.


You could see a hound.

Vanquished Creatures
  A ball python (D:1)
  A bat zombie (D:1)
  3 giant cockroaches (D:1)
  3 goblins (D:1)
  4 hobgoblins (D:1)
  2 bats (D:1)
  A giant gecko zombie (D:1)
  3 giant newts (D:1)
  2 kobolds (D:1)
  A rat (D:1)
21 creatures vanquished.

Notes
Turn   | Place    | Note
--------------------------------------------------------------
     0 | D:1      | Chiseanne the Centaur Air Elementalist began the quest for the Orb.
     0 | D:1      | Reached XP level 1. HP: 14/14 MP: 3/3
    69 | D:1      | Reached skill level 1 in Fighting
   446 | D:1      | Reached XP level 2. HP: 16/24 MP: 4/4
  1015 | D:1      | Slain by a hound

Vault maps used:
D:1:      saegor_arrival_fortress, minivault_23, st_stairs_4, hex_intersection,
          minmay_curled_crystal, hangedman_decor_push

Action                   || total
-------------------------++-------
Melee: Unarmed           ||    37
       Club              ||    39
       Dagger            ||     8
       Short sword       ||    23
 Cast: Shock             ||     2
  Use: Scroll            ||     3
